 Dungeon Crawl Stone Soup version 0.28-a0-1190-g77e1c55843 (webtiles) character file.

Game seed: 2767847111649017161

3901 ChaosChampion the Grappler (level 10, -3/86 HPs)
             Began as a White Draconian Transmuter on Dec 18, 2021.
             Was a Believer of Okawaru.
             Slain by a wyvern (13 damage)
             ... on level 8 of the Dungeon.
             The game lasted 00:17:34 (9789 turns).

ChaosChampion the Grappler (DrTm)                   Turns: 9789, Time: 00:17:35

Health: -3/86      AC:  2    Str: 12    XL:     10   Next: 0%
Magic:  15/16      EV: 23    Int: 19    God:    Okawaru [**....]
Gold:   381        SH:  0    Dex: 16    Spells: 7/17 levels left

rFire   . . .      SeeInvis .     - Unarmed
rCold   . . .      Faith    .   (shield currently unavailable)
rNeg    . . .      Spirit   .   (armour unavailable)
rPois   .          Reflect  .   (helmet currently unavailable)
rElec   .          Harm     .   (cloak currently unavailable)
rCorr   .          Rampage  .   (gloves currently unavailable)
Will    .....                   (boots currently unavailable)
Stlth   +++.......              v - amulet of magic regeneration
HPRegen 0.24/turn               h - ring of poison resistance
MPRegen 0.55/turn               (no ring)

@: spider-form (expiring), heroic, wereblooded
A: venomous fangs, (breathe frost), AC +7, tiny, unfitting armour, (cold
resistance 1), (cold-blooded)
a: End Transformation, Renounce Religion, Heroism


You were on level 8 of the Dungeon.
You worshipped Okawaru.
Okawaru was pleased with you.
You were a venomous arachnid creature.
You visited 2 branches of the dungeon, and saw 9 of its levels.
You also visited: Ossuary.

You collected 381 gold pieces.

Inventory:

Missiles
 z - 4 atropa-tipped darts
Armour
 F - a +2 pair of boots (melded)
Jewellery
 a - a ring of fire
 h - a ring of poison resistance (left front leg)
 v - an amulet of magic regeneration (around neck)
Wands
 i - a wand of polymorph (7)
 t - a wand of acid (16)
 H - a wand of iceblast (10)
Scrolls
 b - a scroll of silence
 c - 3 scrolls of teleportation
 j - 2 scrolls of fog
 k - a scroll of amnesia
 m - a scroll of summoning
 p - 3 scrolls of enchant weapon
 r - a scroll of immolation {unknown}
 s - 2 scrolls of brand weapon {unknown}
 u - 4 scrolls of identify
 x - a scroll of fear {unknown}
 y - a scroll of blinking {unknown}
 A - 2 scrolls of noise {unknown}
 B - a scroll of magic mapping {unknown}
 D - a scroll of acquirement {unknown}
 E - a scroll of vulnerability {unknown}
Potions
 d - 4 potions of lignification
 e - 5 potions of curing
 f - 3 potions of cancellation
 g - 2 potions of brilliance
 l - 4 potions of heal wounds {unknown}
 n - 2 potions of invisibility {unknown}
 o - 5 potions of mutation {unknown}
 q - a potion of resistance {unknown}
 w - 2 potions of haste {unknown}
 C - 2 potions of flight {unknown}
 G - a potion of ambrosia {unknown}
 I - 2 potions of might {unknown}


   Skills:
 + Level 7.1(12.1) Fighting
 - Level 1.7(6.7) Dodging
 * Level 9.8(14.8) Unarmed Combat
 - Level 4.0 Spellcasting
 + Level 6.8 Transmutations
 + Level 5.2 Ice Magic


You had 7 spell levels left.
You knew the following spells:

 Your Spells              Type           Power      Damage    Failure   Level
a - Beastly Appendage     Tmut           58%        N/A       4%          1
b - Wereblood             Tmut           29%        N/A       6%          2
c - Spider Form           Tmut/Pois      16%        N/A       24%         3
d - Ice Form              Ice/Tmut       26%        N/A       28%         4

Your spell library contained the following spells:

 Spells                   Type           Power      Damage    Failure   Level
 Corpse Rot               Necr/Air       6%         N/A       41%         2
 Sublimation of Blood     Necr           3%         N/A       41%         2
 Dispel Undead            Necr           3%         3d7       92%         4
 Death Channel            Necr           Unusable   N/A       N/A         6
 Summon Hydra             Summ           Unusable   N/A       N/A         7

Dungeon Overview and Level Annotations

Branches:
Dungeon (8/15)             Temple (1/1) D:6         Ossuary (visited)
   Lair: D:8-11

Altars:
Dithmenos
Elyvilon
Gozag
Okawaru
Qazlal
Ru
Vehumet
Wu Jian
Xom
Yredelemnul
Zin
The Shining One

Shops:
D:4 *


Innate Abilities, Weirdness & Mutations

You are a venomous arachnid creature.
You have poisonous fangs.
You are tiny and dextrous.
Your spellcasting is less reliable in this form.
Your armour is entirely melded.
You are incapable of wielding weapons or throwing items.
((You can breathe waves of freezing cold which knock back foes.))
((Your icy white scales are hard. (AC +7)))
You cannot fit into any form of body armour.
((Your flesh is cold resistant. (rC+)))
((You are cold-blooded and may be slowed by cold attacks.))


Message History

You feel very sick. The water moccasin bites you!
You are more poisoned.
The water moccasin poisons you!
The water moccasin bites the plant.
The yak gores the plant.
You bite the water moccasin!
The water moccasin is almost dead.
You hiss as the wereblood boils in your veins!
You feel very sick. The water moccasin closely misses you.
The water moccasin bites the plant!
The plant looks as sick as possible!
The water moccasin poisons the plant!
The water moccasin completely misses you.
You bite the water moccasin!
You feel a bit better.
You kill the water moccasin!
Okawaru accepts your kill.
You feel very sick.
The yak gores the plant!
The water moccasin bites the plant.
You have reached level 10!
You hit the wyvern but do no damage.
The wyvern is poisoned.
You feel very sick.
A nearby plant withers and dies.
The wyvern bites you.
You bite the wyvern!
The wyvern looks as sick as possible!
The wyvern is moderately wounded.
You feel very sick. The wyvern bites you.
You are too injured to fight recklessly!
You are too injured to fight recklessly!
You are too injured to fight recklessly!
You are too injured to fight recklessly!
You feel sick. The wyvern bites you!
* * * LOW HITPOINT WARNING * * *
You feel sick.
You feel sick. The wyvern misses you.
You gain the combat prowess of a mighty hero.
You feel sick. The wyvern bites you!
* * * LOW HITPOINT WARNING * * *
You feel better.
Your transformation is almost over.
The wyvern barely misses you. The wyvern bites you!
You die...

##≈.......#...##
#≈≈.....<###...#
+.........#....#
#≈≈#.#####.##..#
### ##≈#.# ####..#
##≈≈≈##≈#.# #....
≈≈≈≈≈≈≈≈..# #.####
####.#.##########.#
#.##..slllSs.#
#.##.######Y#....
#.##.# Y. P
#.##.#####.. ..P
#........P.. .P. .
#....###.... .. .
#.#### .. . #.# #.#


You could see a yak, a water moccasin, 3 wyverns and a scorpion.

Vanquished Creatures
  Pikel (D:6)
  Prince Ribbit (D:8)
  A troll (D:5)
  2 wyverns (D:8)
  A wraith (Ossuary)
  A yak (D:8)
  3 water moccasins
  3 black bears
  3 orc warriors
  2 necrophages
  3 ogres
  4 lemures
  3 bullfrogs
  5 scorpions
  A wyvern skeleton (D:6)
  2 bullfrog zombies
  2 bullfrog skeletons
  A jelly (D:7)
  An orc priest (D:7)
  A gnoll shaman (D:8)
  3 iguanas (D:4)
  An orc wizard (D:4)
  A killer bee zombie (D:6)
  A hound zombie (D:5)
  A hound skeleton (D:4)
  3 mummies (Ossuary)
  3 gnolls (D:8)
  11 adders
  A shadow imp (D:7)
  3 white imps
  An ufetubus (Temple)
  A dart slug (D:5)
  19 orcs
  8 bats
  8 endoplasms
  6 giant cockroaches
  7 goblins
  8 hobgoblins
  13 jackals
  3 quokkas
  8 ball pythons
  3 goblin zombies (Ossuary)
  2 hobgoblin zombies (Ossuary)
  3 kobolds
  An orc zombie (Ossuary)
  11 rats
171 creatures vanquished.

Vanquished Creatures (others)
  9 plants
9 creatures vanquished.

Grand Total: 180 creatures vanquished

Notes
Turn   | Place    | Note
-------+----------+-------------------------------------------
     0 | D:1      | ChaosChampion the Draconian Transmuter began the quest for
                  | the Orb.
     0 | D:1      | Reached XP level 1. HP: 16/16 MP: 3/3
   156 | D:1      | Reached XP level 2. HP: 23/23 MP: 3/5
   560 | D:1      | Learned a level 2 spell: Wereblood
   934 | D:1      | Reached XP level 3. HP: 29/29 MP: 4/6
  1080 | D:2      | You fall into a shaft and drop 1 floor!
  1221 | D:2      | Reached skill level 4 in Unarmed Combat
  1517 | D:2      | Reached XP level 4. HP: 35/36 MP: 7/7
  1796 | D:2      | Found a faded altar of an unknown god.
  2251 | D:3      | Reached XP level 5. HP: 37/42 MP: 5/8
  2417 | D:3      | Found a shimmering altar of Xom.
  2478 | D:3      | Learned a level 3 spell: Spider Form
  2647 | D:4      | Noticed an ogre
  2650 | D:4      | Killed an ogre
  2651 | D:4      | Reached skill level 5 in Unarmed Combat
  2652 | D:4      | Found a sand-covered staircase.
  2673 | D:4      | Reached XP level 6. HP: 31/51 MP: 6/9
  2726 | Ossuary  | Entered an ossuary
  2726 | Ossuary  | Noticed a wraith
  2726 | Ossuary  | Noticed a wraith
  2726 | Ossuary  | Noticed a wraith
  2877 | Ossuary  | Noticed a wraith
  3264 | Ossuary  | HP: 1/51 [wraith (9)]
  3277 | Ossuary  | Killed a wraith
  3829 | D:4      | Reached skill level 6 in Unarmed Combat
  3952 | D:4      | Your scales start taking on an icy white colour.
  3952 | D:4      | Reached XP level 7. HP: 58/59 MP: 6/10
  3952 | D:4      | Gained mutation: Your flesh is cold resistant. (rC+) [White
                  | Draconian growth]
  3957 | D:4      | Learned a level 4 spell: Ice Form
  4068 | D:4      | Found an opulent altar of Gozag.
  4085 | D:4      | Found Gozag's Platinum Reserve.
  4295 | D:4      | Reached skill level 1 in Ice Magic
  4619 | D:4      | Found a radiant altar of Vehumet.
  4753 | D:5      | Entered Level 5 of the Dungeon
  4753 | D:5      | Found a shadowy altar of Dithmenos.
  5322 | D:5      | Reached XP level 8. HP: 54/67 MP: 12/12
  5608 | D:5      | Noticed a troll
  5615 | D:5      | Killed a troll
  5616 | D:5      | Reached skill level 7 in Unarmed Combat
  5623 | D:5      | Reached skill level 5 in Transmutations
  5997 | D:5      | Reached skill level 5 in Fighting
  6094 | D:5      | Found a glowing silver altar of Zin.
  6169 | D:6      | Noticed Pikel
  6734 | D:6      | Killed Pikel
  6735 | D:6      | Reached skill level 8 in Unarmed Combat
  7240 | D:6      | Reached XP level 9. HP: 41/75 MP: 11/15
  7413 | D:6      | Found a staircase to the Ecumenical Temple.
  7427 | Temple   | Entered the Ecumenical Temple
  7507 | Temple   | Became a worshipper of Warmaster Okawaru
  8755 | D:7      | Reached skill level 9 in Unarmed Combat
  8798 | D:7      | Reached * piety under Okawaru
  8898 | D:7      | Found a basalt altar of Yredelemnul.
  8898 | D:7      | Found a white marble altar of Elyvilon.
  8900 | D:7      | Found an ornate altar of the Wu Jian Council.
  9518 | D:8      | Noticed Prince Ribbit
  9530 | D:8      | Killed Prince Ribbit
  9772 | D:8      | Reached skill level 5 in Ice Magic
  9782 | D:8      | Reached ** piety under Okawaru
  9783 | D:8      | Reached XP level 10. HP: 48/86 MP: 16/16
  9788 | D:8      | HP: 3/86 [wyvern (17)]
  9789 | D:8      | Slain by a wyvern

Illustrated notes

Levels and vault maps discovered:
D:1:      dpeg_arrival_subterranean_lakeside_camping, layout_loops_ring,
          minmay_tetromino_t4
D:2:      layout_basic, basic_ecumenical_altar, minmay_misc_feat_hallway,
          minmay_close_crescents
D:3:      layout_rooms, mainiacjoe_overflow_chevrons
D:4:      layout_cave_pools, marbit_many_paths, nicolae_gozag_zags_fifth_avenue,
          nicolae_ossuary_entry_monument, serial_bayou_lagoon_b
D:5:      layout_basic, overflow_temple_1_default, zin_treasury, hex_medium,
          minmay_misc_feat_more_columns, minivault_26,
          kennysheep_generic_room_15
D:6:      layout_basic, temple_doors_e, uniq_pikel
D:7:      layout_basic, nicolae_overflow_hidden_temple,
          minmay_large_rounded_square, grunt_ministairs_14,
          hangedman_decor_slide_cut
D:8:      layout_loops_ring, minmay_lair_entry_grove, lightli_minifort,
          uniq_prince_ribbit1
Temple:   minmay_temple_curvy_loop

Skill      XL: |  1  2  3  4  5  6  7  8  9 |
---------------+----------------------------+-----
Fighting       | 2 3 4 5 7 |  7.1
Unarmed Combat | 4 5 6 8 9 |  9.8
Transmutations | 3 4 5 6 |  6.8
Ice Magic      | 3 4 5 |  5.2
Spellcasting   | 3 4 |  4.0
Dodging        | |  1.7

Action                   |  1- 3 |  4- 6 |  7- 9 | 10-12 || total
-------------------------+-------+-------+-------+-------++-------
Melee: Unarmed           |   145 |   189 |   309 |     2 ||   645
       Headbutt          |     7 |    13 |       |       ||    20
       Kick              |    17 |    26 |     2 |       ||    45
       Tailslap          |    10 |    21 |    12 |       ||    43
       Punch             |       |     4 |     4 |       ||     8
 Cast: Beastly Appendage |    25 |    19 |     4 |       ||    48
       Wereblood         |     3 |    14 |    16 |       ||    33
       Spider Form       |       |     2 |    21 |       ||    23
       Ice Form          |       |       |     7 |       ||     7
Invok: Heroism           |       |       |       |     1 ||     1
 Abil: Breathe Frost     |       |       |    15 |       ||    15
Evoke: Wand              |       |    12 |       |       ||    12
  Use: Scroll            |       |     9 |       |       ||     9
       Potion            |       |     3 |     1 |     1 ||     5
 Stab: Sleeping          |     1 |       |       |       ||     1
Armor: Skin              |    48 |    36 |    54 |       ||   138
Dodge: Dodged            |   105 |   128 |   189 |     2 ||   424

Table legend: (Time is in decaauts)
 A = Elapsed time spent in this place.
 B = Non-inter-level travel time spent in this place.
 C = Inter-level travel time spent in this place.
 D = Time resting spent in this place.
 E = Time spent auto-exploring this place.
 F = Levels seen in this place.
 G = Mean time per level.
                   A        B        C        D        E       F      G
               +--------+--------+--------+--------+--------+-----+--------+
         Total |   9769 |   9448 |    321 |   1569 |   6078 |  10 |  976.9 |
       Dungeon |   8516 |   8240 |    276 |   1008 |   5856 |   8 | 1064.5 |
        Temple |    125 |     80 |     45 |      0 |     64 |   1 |  125.0 |
       Ossuary |   1127 |   1127 |      0 |    561 |    158 |   1 | 1127.0 |
               +--------+--------+--------+--------+--------+-----+--------+

Top non-repeatable levels by time:
     D:5: 1746 daAuts
     D:6: 1661 daAuts
 Ossuary: 1127 daAuts
     D:7: 1104 daAuts
     D:1: 1077 daAuts
     D:4: 1010 daAuts
     D:2: 819 daAuts
     D:3: 736 daAuts
     D:8: 360 daAuts
  Temple: 125 daAuts
